 Dungeon Crawl Stone Soup version 0.22.1-6-g1668fe2c40 (webtiles) character file.

1964 Jerry the Stinger (level 8, -7/57 HPs)
             Began as a Demigod Venom Mage on Jan 18, 2019.
             Mangled by Psyche
             ... wielding a +4 dagger of distortion
              (12 damage)
             ... on level 8 of the Dungeon.
             The game lasted 00:43:12 (11331 turns).

Jerry the Stinger (Demigod Venom Mage)             Turns: 11331, Time: 00:43:12

Health: -7/57      AC:  9    Str: 11    XL:     8   Next: 68%
Magic:  14/19      EV: 12    Int: 23    God:
Gold:   434        SH:  0    Dex: 16    Spells: 12/17 levels left

rFire    . . .     SeeInvis .   m - +0 short sword (venom)
rCold    . . .     Gourm    .   (no shield)
rNeg     . . .     Faith    .   a - +0 robe
rPois    .         Spirit   .   (no helmet)
rElec    .         Reflect  .   j - +1 cloak
rCorr    .         Harm     .   o - +2 pair of gloves
MR       .....                  b - +0 pair of boots
Stlth    ++........             (no amulet)
HPRegen  0.19/turn              q - +1 ring of protection
MPRegen  0.16/turn              (no ring)

@: no status effects
A: high mp 1
a: no special abilities


You were on level 8 of the Dungeon.
You were not hungry.

You visited 1 branch of the dungeon, and saw 8 of its levels.

You collected 434 gold pieces.

Inventory:

Hand Weapons
 m - a +0 short sword of venom (weapon)
 s - a +0 hunting sling
Missiles
 t - 119 stones (quivered)
Armour
 a - a +0 robe (worn)
 b - a +0 pair of boots (worn)
 j - a +1 cloak (worn)
 o - a +2 pair of gloves (worn)
Jewellery
 q - a +1 ring of protection (left hand)
 y - a cursed ring of attention {unknown}
Scrolls
 e - 4 scrolls of teleportation
 g - 7 scrolls of identify
 h - 2 scrolls of enchant armour {unknown}
 i - 4 scrolls of remove curse {unknown}
 k - a scroll of immolation {unknown}
 l - 3 scrolls of amnesia {unknown}
 n - a scroll of fog {unknown}
Potions
 d - a potion of heal wounds {unknown}
 f - 3 potions of might {unknown}
 p - 3 potions of flight {unknown}
 r - a potion of ambrosia {unknown}
 u - a potion of lignification {unknown}
 v - a potion of cancellation {unknown}
 w - a potion of mutation {unknown}
 x - 2 potions of agility {unknown}
 z - a potion of berserk rage {unknown}
Comestibles
 c - 13 rations
 A - a chunk of flesh


   Skills:
 - Level 1.8 Dodging
 - Level 1.8 Stealth
 + Level 5.2 Spellcasting
 + Level 5.3 Conjurations
 + Level 4.2 Necromancy
 - Level 2.1 Air Magic
 + Level 6.0 Poison Magic


You had 12 spell levels left.
You knew the following spells:

 Your Spells              Type           Power        Failure   Level  Hunger
a - Sting                 Conj/Pois      ####         1%          1    None
b - Mephitic Cloud        Conj/Pois/Air  ####....     4%          3    ##.....
c - Animate Skeleton      Necr           N/A          1%          1    None

Your spell library contained the following spells:

 Spells                   Type           Power        Failure   Level  Hunger
 Pain                     Necr           ####         1%          1    None
 Poisonous Vapours        Pois/Air       ###...       2%          2    None
 Vampiric Draining        Necr           ####......   4%          3    ##.....
 Olgreb's Toxic Radiance  Pois           ####....     8%          4    ####...
 Summon Small Mammal      Summ           #...         10%         1    None
 Regeneration             Chrm/Necr      ###.......   12%         3    ##.....
 Call Imp                 Summ           #.......     14%         2    None
 Animate Dead             Necr           N/A          16%         4    ####...
 Venom Bolt               Conj/Pois      ####......   24%         5    #####..
 Call Canine Familiar     Summ           #.......     28%         3    ##.....
 Summon Guardian Golem    Hex/Summ       #.......     28%         3    ##.....
 Summon Lightning Spire   Summ/Air       ##......     52%         4    ####...
 Summon Ice Beast         Ice/Summ       #.......     67%         4    ####...


Dungeon Overview and Level Annotations

Branches:
Dungeon (8/15)             Temple (0/1) D:4
   Lair: D:8-11

Shops:
D:8 }

Annotations:
D:8 Psyche


Innate Abilities, Weirdness & Mutations

You have an increased reservoir of magic. (+10% MP)


Message History

Confirm with . or Enter, or press ? or * to list all spells.
Aiming: Sting (safe; 1% risk of failure)
Press: ? - help, Shift-Dir - straight line, f/p - Psyche
Aim: Psyche, wielding a dagger of distortion and wearing a glowing robe The sting misses Psyche.
Psyche barely misses you.
Your bullfrog skeleton closely misses Psyche.
Psyche hits you but does no damage. Space warps horribly around you!
* * * LOW HITPOINT WARNING * * *
Your bullfrog skeleton closely misses Psyche.
Sorry, you're not good enough to have a special ability.
Okay, then.
Casting: Sting (safe; 1% risk of failure)
Confirm with . or Enter, or press ? or * to list all spells.
Aiming: Sting (safe; 1% risk of failure)
Press: ? - help, Shift-Dir - straight line, f/p - Psyche
Aim: Psyche, wielding a dagger of distortion and wearing a glowing robe The sting hits Psyche.
Psyche appears unharmed.
Psyche is heavily wounded.
Psyche hits you but does no damage. x2; Space warps horribly around you!
You die...

### ######## ..##
##...... ... #..@.#
.. #.@Z# ##.
######'#
#####.####..##..#
##...#.....(.....#
#................#
###...##..##......#
>##...##..##......#
.##...##......#####
........(.....#


You could see Psyche and a friendly bullfrog skeleton.

Vanquished Creatures
  Edmund (D:5)
  3 centaurs
  2 ogres (D:7)
  2 bullfrogs
  A wyvern skeleton (D:6)
  A scorpion (D:4)
  3 crimson imps
  2 bullfrog zombies
  A centaur zombie (D:5)
  5 hounds
  An orc priest (D:6)
  A jelly (D:5)
  2 centaur skeletons
  An iguana (D:4)
  Natasha (twice) (D:3 D:2)
  4 worker ants
  2 killer bee zombies
  3 hound skeletons
  A worker ant zombie (D:8)
  8 adders
  4 gnolls
  2 shadow imps
  An ooze (D:3)
  2 adder skeletons
  5 worms
  3 dart slugs
  5 leopard geckos
  6 orcs
  8 giant cockroaches
  11 goblins
  8 hobgoblins
  6 kobolds
  4 quokkas
  5 ball pythons
  7 bats
  4 frilled lizards
  A giant cockroach zombie (D:5)
  A leopard gecko zombie (D:5)
  8 rats
  2 fungi (D:8)
139 creatures vanquished.

Vanquished Creatures (collateral kills)
  A bullfrog skeleton (D:4)
  An adder (D:4)
  2 orcs (D:5)
4 creatures vanquished.

Grand Total: 143 creatures vanquished

Notes
Turn   | Place    | Note
-------+----------+-------------------------------------------
     0 | D:1      | Jerry the Demigod Venom Mage began the quest for the Orb.
     0 | D:1      | Reached XP level 1. HP: 14/14 MP: 5/5
   187 | D:1      | Reached skill level 1 in Conjurations
   434 | D:1      | Reached XP level 2. HP: 11/20 MP: 0/7
   830 | D:1      | Reached skill level 3 in Poison Magic
  1684 | D:2      | Found a snail-covered altar of Cheibriados.
  1864 | D:2      | Reached XP level 3. HP: 24/26 MP: 3/9
  1920 | D:2      | Learned a level 3 spell: Mephitic Cloud
  2837 | D:3      | Noticed Natasha
  2847 | D:3      | Killed Natasha
  2847 | D:3      | Reached XP level 4. HP: 25/33 MP: 3/10
  3130 | D:3      | Noticed Natasha
  3153 | D:2      | Killed Natasha
  3153 | D:2      | Reached skill level 1 in Air Magic
  3371 | D:2      | Found a sacrificial altar of Ru.
  3891 | D:3      | Reached XP level 5. HP: 34/38 MP: 7/12
  4954 | D:4      | Found a basalt altar of Yredelemnul.
  4962 | D:4      | Reached skill level 4 in Poison Magic
  5065 | D:4      | Found a staircase to the Ecumenical Temple.
  5077 | D:4      | Reached XP level 6. HP: 45/45 MP: 9/13
  5080 | D:4      | Learned a level 1 spell: Animate Skeleton
  5351 | D:4      | Found a bloodstained altar of Trog.
  5546 | D:5      | Entered Level 5 of the Dungeon
  5668 | D:5      | Found a shattered altar of Ashenzari.
  5711 | D:5      | Reached skill level 1 in Necromancy
  6818 | D:5      | Reached XP level 7. HP: 48/50 MP: 7/15
  7455 | D:5      | Noticed Edmund
  7473 | D:5      | Killed Edmund
  8456 | D:6      | Reached skill level 5 in Poison Magic
  9379 | D:6      | Reached XP level 8. HP: 11/57 MP: 18/18
  9844 | D:7      | Found a shadowy altar of Dithmenos.
  9860 | D:7      | Reached skill level 5 in Conjurations
 10157 | D:7      | Reached skill level 5 in Spellcasting
 10383 | D:7      | Reached skill level 6 in Poison Magic
 10673 | D:7      | Found an ancient bone altar of Kikubaaqudgha.
 10843 | D:8      | Found Jaeket's Gadget Boutique.
 10854 | D:8      | Found a blossoming altar of Fedhas.
 11324 | D:8      | Noticed Psyche
 11331 | D:8      | Mangled by Psyche

Skill      XL: |  1  2  3  4  5  6  7  8 |
---------------+-------------------------+-----
Conjurations   | 1 2 3 4 5 |  5.3
Spellcasting   | 2 3 4 5 |  5.2
Poison Magic   | 3 4 5 6 |  6.0
Air Magic      | 1 2 |  2.1
Necromancy     | 1 3 4 |  4.2
Dodging        | |  1.8
Stealth        | |  1.8

Action                   |  1- 3 |  4- 6 |  7- 9 || total
-------------------------+-------+-------+-------++-------
Melee: Whip              |     4 |     2 |       ||     6
       Short sword       |       |    80 |   250 ||   330
 Cast: Sting             |   106 |   180 |   102 ||   388
       Animate Skeleton  |       |     5 |    11 ||    16
  Use: Scroll            |       |       |     3 ||     3
 Stab: Sleeping          |       |     2 |       ||     2
  Eat: Chunk             |     6 |    12 |     5 ||    23
       Ration            |       |       |     3 ||     3
Armor: Robe              |     7 |    60 |   120 ||   187
Dodge: Dodged            |    26 |    89 |   176 ||   291
